Map: [ESL] Goldenaura

Players

SKillous - Winner!

  • Race: Protoss Protoss
  • League: Grandmaster
  • Spawn Location: 5:00

Harstem

  • Race: Protoss Protoss
  • League: Master
  • Spawn Location: 12:00

Event: Bellum Gens Elite Stara Zagora 2024

VOD

Have the link to the VOD?

Description

Time

  • Played on: Sept. 7, 2024, 7:09 a.m.
  • Length: 7:36

All games in this series

Show
View Real Time Build Order
Export as new Build Order

SKillous Protoss - Winner!

Build Orders: Phoenix Opening, Blink Stalkers 

Get SALT Encoding   

  12  0:00  Probe  
  13  0:12  Probe  
  14  0:17  Pylon  
  14  0:24  Probe  
  15  0:35  Gateway  
  15  0:36  Probe (Chrono Boost)  
  16  0:46  Assimilator, Probe (Chrono Boost)  
  17  0:51  Probe (Chrono Boost)  
  17  0:54  Assimilator  
  18  1:03  Probe (Chrono Boost)  
  19  1:08  Gateway  
  19  1:12  Probe (Chrono Boost)  
  19  1:17  Probe (Chrono Boost)  
  20  1:24  Cybernetics Core  
  21  1:29  Probe  
  22  1:34  Pylon  
  22  1:41  Probe  
  23  1:53  Probe  
  24  2:00  Sentry, Warp Gate  
  28  2:05  Probe  
  29  2:12  Pylon  
  29  2:18  Probe  
  30  2:25  Sentry  
  30  2:31  Nexus  
  30  2:32  Phoenix  
  29  2:38  Stalker  
  29  2:42  Probe  
  32  2:48  Shield Battery  
  32  2:50  Sentry  
  34  2:54  Probe  
  35  3:03  Pylon  
  35  3:06  Probe  
  35  3:11  Stalker  
  38  3:13  Phoenix  
  38  3:19  Probe  
  39  3:21  Twilight Council  
  39  3:31  Probe  
  40  3:43  Probe (Chrono Boost)  
  42  3:48  Probe (Chrono Boost)  
  42  3:50  Stalker x2  
  42  3:54  Probe (Chrono Boost)  
  42  3:55  Blink (Chrono Boost)  
  48  3:57  Probe (Chrono Boost)  
  49  4:03  Probe x2 (Chrono Boost)  
  50  4:10  Probe (Chrono Boost)  
  50  4:12  Probe (Chrono Boost)  
  52  4:22  Probe (Chrono Boost)  
  54  4:26  Nexus  
  54  4:27  Probe (Chrono Boost)  
  54  4:28  Probe (Chrono Boost)  
  55  4:32  Pylon  
  55  4:37  Stalker  
  55  4:38  Probe x2  
  58  4:43  Stalker  
  61  4:50  Probe  
  62  4:53  Robotics Facility  
  62  4:56  Gateway  
  62  4:57  Shield Battery  
  62  5:02  Gateway  
  62  5:04  Probe  
  62  5:05  Probe  
  64  5:07  Assimilator  
  64  5:12  Stalker  
  66  5:15  Stalker  
  66  5:17  Probe  
  66  5:18  Probe  
  70  5:30  Shield Battery  
  70  5:31  Probe  
  70  5:33  Probe  
  70  5:41  Stalker x2  
  73  5:43  Probe x2, Immortal (Chrono Boost)  
  73  5:47  Probe  
  80  5:55  Probe x2  
  82  5:57  Stalker  
  82  5:59  Probe  
  85  6:09  Probe x2  
  85  6:10  Stalker x2  
  85  6:11  Stalker  
  85  6:13  Immortal (Chrono Boost)  
  85  6:14  Probe  
  81  6:25  Shield Battery  
  73  6:27  Stalker, Shield Battery  
  75  6:33  Stalker x2  
  75  6:35  Probe (Chrono Boost)  
  75  6:39  Probe (Chrono Boost)  
  82  6:41  Probe (Chrono Boost)  
  83  6:47  Probe (Chrono Boost)  
  83  6:50  Probe (Chrono Boost)  
  83  6:52  Probe (Chrono Boost)  
  83  6:53  Pylon  
  85  6:56  Gateway  
  85  7:02  Gateway  
  85  7:03  Gateway  
  85  7:08  Gateway, Pylon  
  85  7:11  Probe  
  85  7:13  Probe  
  87  7:22  Stalker x2  
Show
View Real Time Build Order
Export as new Build Order

Harstem Protoss 

Build Orders: Phoenix Opening, Blink Stalkers 

Get SALT Encoding   

  12  0:00  Probe  
  13  0:12  Probe  
  14  0:18  Pylon  
  14  0:25  Probe (Chrono Boost)  
  15  0:37  Gateway, Probe (Chrono Boost)  
  16  0:45  Probe (Chrono Boost)  
  16  0:46  Assimilator  
  17  0:51  Probe  
  17  0:55  Assimilator  
  18  1:03  Probe (Chrono Boost)  
  19  1:10  Gateway  
  19  1:12  Probe (Chrono Boost)  
  19  1:17  Probe (Chrono Boost)  
  20  1:24  Cybernetics Core  
  21  1:29  Probe  
  22  1:33  Pylon  
  22  1:41  Probe  
  23  1:53  Probe  
  24  2:00  Stalker x2, Warp Gate  
  28  2:08  Pylon  
  28  2:11  Probe  
  29  2:30  Sentry  
  31  2:40  Probe  
  32  2:47  Nexus  
  32  2:50  Sentry  
  34  2:52  Probe  
  34  2:56  Sentry  
  37  3:00  Phoenix  
  37  3:02  Shield Battery  
  37  3:04  Probe  
  38  3:11  Pylon  
  38  3:16  Probe  
  39  3:22  Twilight Council  
  39  3:29  Probe  
  40  3:41  Probe (Chrono Boost)  
  41  3:49  Blink (Chrono Boost)  
  41  3:52  Adept x2, Probe (Chrono Boost)  
  46  3:56  Probe (Chrono Boost), Phoenix  
  46  4:00  Probe  
  48  4:07  Probe  
  49  4:12  Probe  
  49  4:13  Stalker x2  
  54  4:19  Probe  
  55  4:27  Gateway x2  
  55  4:30  Pylon  
  55  4:38  Stalker x2  
  55  4:40  Probe  
  55  4:41  Probe  
  61  4:52  Probe  
  62  4:53  Probe  
  62  4:55  Pylon  
  63  5:02  Stalker x2  
  63  5:03  Pylon  
  63  5:04  Probe  
  68  5:07  Probe  
  68  5:13  Assimilator  
  69  5:24  Stalker x2  
  69  5:26  Stalker x2  
  77  5:30  Pylon  
  77  5:48  Stalker x2  
  77  5:49  Stalker x2  
  85  5:52  Pylon  
  79  6:12  Stalker x4  
  81  6:23  Probe  
  78  6:28  Nexus  
  79  6:34  Probe  
  79  6:36  Stalker x2  
  79  6:37  Stalker x2  
  79  6:39  Probe  
  88  6:51  Probe  
  88  6:52  Probe  
  88  6:55  Forge  
  86  7:03  Probe  
  86  7:05  Zealot x2  
  86  7:06  Gateway  
  92  7:08  Gateway  
  92  7:09  Zealot  
  93  7:18  Sentry  
  93  7:19  Gateway x2  
  93  7:22  Probe  
Tags
 
Add a new tag
Caveats
  • Supply blocks, unpowered buildings, or Contaminate may cause inaccurate times.
  • Supply counts are checked every 10 seconds.